 Dungeon Crawl Stone Soup version 0.31.0-10-gcf4a605ca0 (webtiles) character file.

Game seed: 15043424252636294388

49 Sobieck the Conjurer (level 3, -1/19 HPs)
             Began as a Deep Elf Conjurer on Jan 25, 2024.
             Slain by Grinder (5 damage)
             ... while paralysed by Grinder
             ... on level 3 of the Dungeon.
             The game lasted 00:02:17 (1668 turns).

Sobieck the Conjurer (Deep Elf Conjurer)            Turns: 1668, Time: 00:02:18

Health: -1/19      AC:  2    Str: 10    XL:     3   Next: 53%
Magic:  4/10       EV:  2    Int: 24    God:
Gold:   90         SH:  0    Dex: 13    Spells: 7/10 levels left

rFire   . . .        (no weapon)
rCold   . . .        (no shield)
rNeg    . . .        a - +0 robe
rPois   .            (no helmet)
rElec   .            (no cloak)
rCorr   .            (no gloves)
SInv    .            (no boots)
Will    .....        (no amulet)
Stlth   ++           i - +6 ring of strength
HPRegen 0.23/turn    (no ring)
MPRegen 0.12/turn

%: no passive effects
@: paralysed
A: no striking features
a: no special abilities


You were on level 3 of the Dungeon.
You visited 1 branch of the dungeon, and saw 3 of its levels.

You collected 90 gold pieces.

Inventory:

Missiles
 k - 5 poisoned darts
 F - 2 curare-tipped darts
Armour
 a - a +0 robe (worn)
 d - a +1 hat
 h - a +0 pair of boots
Jewellery
 i - a +6 ring of strength (left hand)
Scrolls
 c - 4 scrolls of identify {unknown}
 e - a scroll of enchant armour {unknown}
 j - a scroll of revelation {unknown}
Potions
 b - 3 potions of magic
 f - 3 potions of curing {unknown}
 g - a potion of haste {unknown}
 l - a potion of invisibility {unknown}


   Skills:
 - Level 2.4 Dodging
 - Level 2.4 Stealth
 + Level 4.1 Spellcasting
 + Level 4.9 Conjurations
 + Level 1.7 Alchemy


You had 7 spell levels left.
You knew the following spells:

 Your Spells              Type           Power      Damage    Failure   Level
a - Magic Dart            Conj           100%       1d8       1%          1
b - Searing Ray           Conj           56%        2d6       1%          2

Your spell library contained the following spells:

 Spells                   Type           Power      Damage    Failure   Level
 Foxfire                  Conj/Fire      64%        2x1d7     3%          1
 Fulminant Prism          Conj/Alch      10%        3d9       24%         4
 Gell's Gravitas          Tloc           4%         N/A       28%         3
 Teleport Other           Tloc           4%         N/A       28%         3
 Iskenderun's Mystic Bla  Conj/Tloc      16%        2d5       34%         4
 Starburst                Conj/Fire      8%         6d4       99%         6
 Dispersal                Tloc           2%         N/A       100%        6
 Plasma Beam              Fire/Air       2%         2x1d12    100%        6


Dungeon Overview and Level Annotations

Branches:
Dungeon (3/15)

Altars:

Annotations:
D:3 Grinder


Message History

Aiming: Searing Ray (safe; 1% risk of failure)
Press: ? - help, Shift-Dir - straight line, f - Grinder
Aim: Grinder (77% to hit)
The searing ray hits Grinder.
Grinder is lightly wounded. (Press . to maintain the ray.)
The searing ray misses Grinder.
Grinder gestures at you. Pain shoots through your body!
The searing ray hits Grinder.
Grinder is lightly wounded.
Grinder gestures at you. Pain shoots through your body!
The searing ray hits Grinder.
Grinder is moderately wounded.
You finish channelling your searing ray.
Grinder says, "Just stop there for a second..."
Grinder gestures at you. You resist with significant effort.
Casting: Searing Ray (safe; 1% risk of failure)
Confirm with . or Enter, or press ? or * to list all spells.
Aiming: Searing Ray (safe; 1% risk of failure)
Press: ? - help, Shift-Dir - straight line, f/p - Grinder
Aim: Grinder (moderately wounded, 77% to hit)
The searing ray hits Grinder!
Grinder is heavily wounded. (Press . to maintain the ray.) Grinder blinks!
Unknown command.
Unknown command.
Danger!
You start resting.
Grinder is nearby!
Danger!
Unknown command.
Casting: Searing Ray (safe; 1% risk of failure)
Confirm with . or Enter, or press ? or * to list all spells.
Aiming: Searing Ray (safe; 1% risk of failure)
Press: ? - help, Shift-Dir - straight line, f/p - Grinder
Aim: Grinder (heavily wounded, 77% to hit)
The searing ray hits Grinder.
Grinder is heavily wounded. (Press . to maintain the ray.) Grinder gestures at you.
You suddenly lose the ability to move!
Grinder hits you! x2
* * * LOW HITPOINT WARNING * * *
You writhe in agony.
You die...
Grinder says, "Now the real fun starts!"

#.. #.# #### #.#
...###.########
..............####
##..#.......5....#####.#
#..#.#######......>...#
#..#.# ####5#######
#..#.# #@# ##..#.# #.#
#...#.# ######.#######
#.#.#.# #............#
....#.# #.####.#####.#
........... #.# #.#
..###.##### #.# #.# ..
?# #.# #.# .. . ..# #.#


You could see Grinder.

Vanquished Creatures
  An adder (D:2)
  4 dart slugs
  4 endoplasms
  2 giant cockroaches
  3 goblins (D:1)
  3 hobgoblins
  3 kobolds
  A quokka (D:1)
  3 ball pythons
  5 bats
  3 frilled lizards (D:1)
32 creatures vanquished.

Notes
Turn   | Place    | Note
-------+----------+-------------------------------------------
     0 | D:1      | Sobieck the Deep Elf Conjurer began the quest for the Orb.
     0 | D:1      | Reached XP level 1. HP: 10/10 MP: 6/6
   203 | D:1      | Reached XP level 2. HP: 14/15 MP: 5/8
   208 | D:1      | Reached skill level 1 in Alchemy
   455 | D:1      | Learned a level 2 spell: Searing Ray
   554 | D:1      | You fall into a shaft and drop 1 floor!
   857 | D:2      | Reached XP level 3. HP: 19/19 MP: 6/10
  1632 | D:3      | Noticed Grinder
  1664 | D:3      | Paralysed by Grinder for 5 turns
  1668 | D:3      | Slain by Grinder

Illustrated notes

Levels and vault maps discovered:
D:1:      amcnicky_arrival_choice, layout_rooms
D:2:      layout_basic, corexii_corridor_pit
D:3:      layout_loops_ring, minmay_fountain_box, uniq_grinder

Skill      XL: |  1  2  3 |
---------------+----------+-----
Alchemy        | 1 |  1.7
Spellcasting   | 4 |  4.1
Dodging        | |  2.4
Stealth        | |  2.4
Conjurations   | |  4.9

Action                     || total
---------------------------++-------
   Cast: Magic Dart        ||    54
         Searing Ray       ||     5
 Armour: Robe              ||     7
  Dodge: Dodged            ||     8
